Workbook

Sheet presupuesto
B1: ALCALDÍA MUNICIPAL DE SOGAMOSO
B2: NIT.891.855.130
B3: INFRAESTRUCTURA CON PROPÓSITO
A4: PRESUPUESTO ESTIMADO DE REFERENCIA
A5: CONVENIO SOLIDARIO ENTRE EL MUNICIPIO DE SOGAMOSO Y EL ORGANISMO DE ACCIÓN COMUNAL DE LA VDA SAN JOSÉ DE LA PROVIDENCIA, PARA LA REHABILITACIÓN DE LA CALLE 22 SUR CON CARRERA 11
A6: DEPARTAMENTO | B6: NOMBRE DEL ORGANISMO DE ACCIÓN COMUNAL | D6: LONGITUD DEL CORREDOR (Km) | F6: DIRECCIÓN TERRITORIAL | G6: FECHA ELABORACIÓN
A7: BOYACÁ | B7: ACCIÓN COMUNAL DE LA VDA SAN JOSÉ DE LA PROVIDENCIA SOGAMOSO | D7: =+B65/1000 -> 0.1755 | F7: BOYACÁ | G7: 45748
A8: ACTIVIDADES DE MANTENIMIENTO Y MEJORAMIENTO
A9: No | B9: DESCRIPCIÓN | D9: UNID | E9: CANTIDAD | F9: VALOR UNITARIO | G9: VALOR TOTAL
A12: SECCIÓN 1 - ACTIVIDADES DE MEJORAMIENTO | J12: =134079445/12 -> 11173287
A13: CONSTRUCCIÓN VIA ADOQUINADA
A14: 1 | B14: =+'apu presupuesto'!I3 -> CONFORMACIÓN COMPACTACIÓN SUBRASANTE CBR=95% | D14: =+'apu presupuesto'!I4 -> M2 | E14: =+C70 -> 878 | F14: =+'apu presupuesto'!M27 -> 7891 | G14: =+ROUND(E14*F14,2) -> 6928298 | I14: =885.85*6396.75 -> 5666561
A15: 2 | B15: PEDRAPLEN COMPACTO | D15: M3 | E15: =+C75 -> 10 | F15: =+'apu presupuesto'!M60 -> 133212 | G15: =+ROUND(E15*F15,2) -> 1332120
A16: 3 | B16: =+'apu presupuesto'!H64 -> EXCAVACION MANUAL EN MATERIAL COMUN | D16: =+'apu presupuesto'!H65 -> M3 | E16: =+C80 -> 11 | F16: =+'apu presupuesto'!M80 -> 70578 | G16: =+ROUND(E16*F16,2) -> 776358
A17: 4 | B17: =+'apu presupuesto'!H85 -> SUMINISTRO E INSTALACION DE BORDILLO PREFABRICADO A-80 | D17: =+'apu presupuesto'!H86 -> ML | E17: =+C85 -> 176 | F17: =+'apu presupuesto'!M110 -> 56815 | G17: =+ROUND(E17*F17,2) -> 9999440 | J17: =+F17*E17 -> 9999440
A18: 5 | B18: =+'apu presupuesto'!H115 -> SUMINISTRO, EXTENDIDA Y COMPACTACION DE MATERIAL SELECCIONADO PARA BASE GRANULAR (INCLUYE ACARREO LIBRE DE 5KM) | D18: =+'apu presupuesto'!H116 -> M3 | E18: =+C90 -> 219 | F18: =+'apu presupuesto'!M144 -> 137165 | G18: =+ROUND(E18*F18,2) -> 30039135
A19: 6 | B19: =+'apu presupuesto'!H149 -> PAVIMENTO EN ADOQUIN TOLETE COMUN INSTALADO EN PANDERETA. | D19: =+'apu presupuesto'!H150 -> M2 | E19: =+C95 -> 878 | F19: =+'apu presupuesto'!M173 -> 83302 | G19: =+ROUND(E19*F19,2) -> 73139156 | I19: =+G29-I20 -> 71325626 | J19: 74396847 | K19: 71396847 | L19: =+J19-K19 -> 3000000
I20: 24059770 | J20: 24136755 | K20: 24059770 | L20: =+J20-K20 -> 76985
A21: SUB-TOTAL BÁSICO DE OBRA = (A) | G21: =SUM(G14:H20) -> 122214507 | I21: =SUM(I19:I20) -> 95385396 | J21: =SUM(J19:J20) -> 98533602 | K21: =SUM(K19:K20) -> 95456617
A22: GASTOS ADMINISTRATIVOS | G22: =+ADMINISTRATIVOS!G50 -> 21104698
A23: VALOR ESTIMADO CONVENIO | G23: =+G22+G21 -> 143319205
A25: =+A32 -> PRESUPUESTO DE APORTES DE LA OAC | G25: =+G40 -> 39889296
A26: =+A42 -> PRESUPUESTO DE APORTES DE MAQUINARIA DEL MUNICIPIO | G26: =+G50 -> 8044513 | L26: E
A27: =+A52 -> PRESUPUESTO DE APORTE ECONÓMICO DEL MUNICIPIO | G27: =+G60 -> 74280698
A28: =+A22 -> GASTOS ADMINISTRATIVOS | G28: =+G22 -> 21104698 | I28: =+G28+G27 -> 95385396 | J28: 95533602
A29: TOTAL APOYO ECONÓMICO | G29: =+G27+G28 -> 95385396 | I29: =+G25+G26+G27 -> 122214507 | J29: =+G29-J28 -> -148206 | L29: 95456617
A30: VALOR ESTIMADO CONVENIO | G30: =SUM(G25:H28) -> 143319205 | J30: 24136755
J31: =+J30+J29 -> 23988549
A32: PRESUPUESTO DE APORTES DE LA OAC
A33: CONSTRUCCIÓN VIA ADOQUINADA
A34: 1 | B34: =+B14 -> CONFORMACIÓN COMPACTACIÓN SUBRASANTE CBR=95% | D34: =+D14 -> M2 | E34: =+E14 -> 878 | F34: =+ROUND('apu presupuesto'!O27,2) -> 0 | G34: =+ROUND(E34*F34,2) -> 0 | I34: =+F34+F44+F54 -> 7891
A35: 2 | B35: =+B15 -> PEDRAPLEN COMPACTO | D35: =+D15 -> M3 | E35: =+E15 -> 10 | F35: =+ROUND('apu presupuesto'!O61,2) -> 0 | G35: =+ROUND(E35*F35,2) -> 0 | I35: =+F35+F45+F55 -> 133212
A36: 3 | B36: =+B16 -> EXCAVACION MANUAL EN MATERIAL COMUN | D36: =+D16 -> M3 | E36: =+E16 -> 11 | F36: =+ROUND('apu presupuesto'!O80,2) -> 0 | G36: =+ROUND(E36*F36,2) -> 0 | I36: =+F36+F46+F56 -> 70578
A37: 4 | B37: =+B17 -> SUMINISTRO E INSTALACION DE BORDILLO PREFABRICADO A-80 | D37: =+D17 -> ML | E37: =+E17 -> 176 | F37: =+ROUND('apu presupuesto'!O110,2) -> 0 | G37: =+ROUND(E37*F37,2) -> 0 | I37: =+F37+F47+F57 -> 56815
A38: 5 | B38: =+B18 -> SUMINISTRO, EXTENDIDA Y COMPACTACION DE MATERIAL SELECCIONADO PARA BASE GRANULAR (INCLUYE ACARREO LIBRE DE 5KM) | D38: =+D18 -> M3 | E38: =+E18 -> 219 | F38: =+ROUND('apu presupuesto'!O144,2) -> 0 | G38: =+ROUND(E38*F38,2) -> 0 | I38: =+F38+F48+F58 -> 137165
A39: 6 | B39: =+B19 -> PAVIMENTO EN ADOQUIN TOLETE COMUN INSTALADO EN PANDERETA. | D39: =+D19 -> M2 | E39: =+E19 -> 878 | F39: =+ROUND('apu presupuesto'!O173,2) -> 45432 | G39: =+ROUND(E39*F39,2) -> 39889296 | I39: =+F39+F49+F59 -> 83302
A40: SUB-TOTAL | G40: =ROUND(SUM(G34:H39),2) -> 39889296
A42: PRESUPUESTO DE APORTES DE MAQUINARIA DEL MUNICIPIO
A43: CONSTRUCCIÓN VIA ADOQUINADA
A44: 1 | B44: =+B34 -> CONFORMACIÓN COMPACTACIÓN SUBRASANTE CBR=95% | D44: =+D34 -> M2 | E44: =+E34 -> 878 | F44: =+ROUND('apu presupuesto'!P27,2) -> 1964 | G44: =+ROUND(E44*F44,2) -> 1724392
A45: 2 | B45: =+B35 -> PEDRAPLEN COMPACTO | D45: =+D35 -> M3 | E45: =+E35 -> 10 | F45: =+ROUND('apu presupuesto'!P60,2) -> 0 | G45: =+ROUND(E45*F45,2) -> 0
A46: 3 | B46: =+B36 -> EXCAVACION MANUAL EN MATERIAL COMUN | D46: =+D36 -> M3 | E46: =+E36 -> 11 | F46: =+ROUND('apu presupuesto'!P80,2) -> 0 | G46: =+ROUND(E46*F46,2) -> 0
A47: 4 | B47: =+B37 -> SUMINISTRO E INSTALACION DE BORDILLO PREFABRICADO A-80 | D47: =+D37 -> ML | E47: =+E37 -> 176 | F47: =+ROUND('apu presupuesto'!P110,2) -> 0 | G47: =+ROUND(E47*F47,2) -> 0
A48: 5 | B48: =+B38 -> SUMINISTRO, EXTENDIDA Y COMPACTACION DE MATERIAL SELECCIONADO PARA BASE GRANULAR (INCLUYE ACARREO LIBRE DE 5KM) | D48: =+D38 -> M3 | E48: =+E38 -> 219 | F48: =+ROUND('apu presupuesto'!P144,2) -> 28859 | G48: =+ROUND(E48*F48,2) -> 6320121
A49: 6 | B49: =+B39 -> PAVIMENTO EN ADOQUIN TOLETE COMUN INSTALADO EN PANDERETA. | D49: =+D39 -> M2 | E49: =+E39 -> 878 | F49: =+ROUND('apu presupuesto'!P173,2) -> 0 | G49: =+ROUND(E49*F49,2) -> 0
A50: SUB-TOTAL | G50: =ROUND(SUM(G44:H49),2) -> 8044513
A52: PRESUPUESTO DE APORTE ECONÓMICO DEL MUNICIPIO
A53: CONSTRUCCIÓN VIA ADOQUINADA
A54: 1 | B54: =+B44 -> CONFORMACIÓN COMPACTACIÓN SUBRASANTE CBR=95% | D54: =+D44 -> M2 | E54: =+E44 -> 878 | F54: =+ROUND('apu presupuesto'!Q27,2) -> 5927 | G54: =+ROUND(E54*F54,0) -> 5203906
A55: 2 | B55: =+B45 -> PEDRAPLEN COMPACTO | D55: =+D45 -> M3 | E55: =+E45 -> 10 | F55: =+ROUND('apu presupuesto'!Q60,2) -> 133212 | G55: =+ROUND(E55*F55,2) -> 1332120
A56: 3 | B56: =+B46 -> EXCAVACION MANUAL EN MATERIAL COMUN | D56: =+D46 -> M3 | E56: =+E46 -> 11 | F56: =+ROUND('apu presupuesto'!Q80,2) -> 70578 | G56: =+ROUND(E56*F56,2) -> 776358
A57: 4 | B57: =+B47 -> SUMINISTRO E INSTALACION DE BORDILLO PREFABRICADO A-80 | D57: =+D47 -> ML | E57: =+E47 -> 176 | F57: =+ROUND('apu presupuesto'!Q110,2) -> 56815 | G57: =+ROUND(E57*F57,2) -> 9999440
A58: 5 | B58: =+B48 -> SUMINISTRO, EXTENDIDA Y COMPACTACION DE MATERIAL SELECCIONADO PARA BASE GRANULAR (INCLUYE ACARREO LIBRE DE 5KM) | D58: =+D48 -> M3 | E58: =+E48 -> 219 | F58: =+ROUND('apu presupuesto'!Q144,2) -> 108306 | G58: =+ROUND(E58*F58,2) -> 23719014
A59: 6 | B59: =+B49 -> PAVIMENTO EN ADOQUIN TOLETE COMUN INSTALADO EN PANDERETA. | D59: =+D49 -> M2 | E59: =+E49 -> 878 | F59: =+ROUND('apu presupuesto'!Q173,2) -> 37870 | G59: =+ROUND(E59*F59,2) -> 33249860
A60: SUB-TOTAL | G60: =ROUND(SUM(G54:H59),2) -> 74280698 | I60: =+G60+G50+G40+G28 -> 143319205
A63: MEMORIA DE CANTIDADES
A65: Longitud | B65: =+ADMINISTRATIVOS!J44 -> 175.5
A66: Ancho | B66: 5
A67: Espesor | B67: 0.25
A69: memorias
A70: 1.01.06. CONFORMACIÓN COMPACTACIÓN SUBRASANTE CBR=95% | C70: =+ROUND(B71*B72,0) -> 878 | D70: =+D14 -> M2
A71: Longitud | B71: =+B65 -> 175.5
A72: Ancho | B72: =+B66 -> 5
A75: PEDRAPLEN COMPACTO | C75: =+ROUND(B76*B77*B78,0) -> 10 | D75: M3
A76: Longitud | B76: =+B65*0.15 -> 26.325
A77: Ancho | B77: =+B66*0.5 -> 2.5
A78: Espesor | B78: 0.15
A80: 3.03.10. EXCAVACION MANUAL EN MATERIAL COMUN | C80: =+ROUND(B81*B83*B82,0) -> 11 | D80: =+D16 -> M3
A81: Longitud | B81: =+B65*2 -> 351
A82: Ancho | B82: 0.2
A83: Espesor | B83: 0.15
A85: 3.08.18. SUMINISTRO E INSTALACION DE BORDILLO PREFABRICADO A-80 | C85: =+ROUND(B86,0) -> 176 | D85: =+D17 -> ML
A86: Longitud | B86: =+B65 -> 175.5
A87: Ancho
A88: Espesor
A89: Espesor
A90: 3.04.06. SUMINISTRO, EXTENDIDA Y COMPACTACION DE MATERIAL SELECCIONADO PARA BASE GRANULAR (INCLUYE ACARREO LIBRE DE 5KM) (**) | C90: =+ROUND(B91*B92*B93,0) -> 219 | D90: =+D18 -> M3
A91: Longitud | B91: =+B65 -> 175.5
A92: Ancho | B92: =+B66 -> 5
A93: Espesor | B93: =+B67 -> 0.25
A95: 3.07.02. PAVIMENTO EN ADOQUIN DE CONCRETO "HUESO DE PERRO" o "I" DIMENSIONES LONGITUD 50 - 250 MM ANCHO 50 - 80 MM - ESPESOR 80 - 100 MM (NORMA NTC 2017 - INVIAS) (VEHICULAR) | C95: =+ROUND(B96*B97,0) -> 878 | D95: =+D19 -> M2
A96: Longitud | B96: =+B65 -> 175.5
A97: Ancho | B97: =+B66 -> 5 | F97: 55151460
A98: Espesor | F98: 139929983
F99: 36236530
F101: =SUM(F97:F100) -> 231317973
E103: ancho | F103: 5.4
E104: espesor base | F104: 0.3
F105: =+F106*F104*F103 -> 419.93919
E106: longitud | F106: 259.22172
E107: Area | F107: =+F106*F103 -> 1399.7973
F108: =1400/F107 -> 1.0001448

Sheet ADMINISTRATIVOS
B3: COSTOS DE ADMINISTRACIÓN DE REFERENCIA
B6: ÍTEM | E6: MESES | G6: 3
B7: 1 | C7: PERSONAL TÉCNICO Y ADMINISTRATIVO
B8: 1.1 | C8: Item 9,01,16 INGENIERO RESIDENTE (INCLUYE SALARIO BASE + FACTOR PRESTACIONAL DEL 72.85%) valor $ 7,029,353,60 50% de dedicación (*) | D8: Mes | E8: 3 | F8: =7029353.6*0.5 -> 3514676.8 | G8: =+E8*F8 -> 10544030 | I8: Item 9,01,16 INGENIERO RESIDENTE (INCLUYE SALARIO BASE + FACTOR PRESTACIONAL DEL 72.85%) valor $ 7,029,353,60 50% de dedicación
B9: 1.3 | C9: Res 050 5/5/2025 Item 9,01,16 ADMINISTRADOR (INCLUYE SALARIO BASE + FACTOR PRESTACIONAL DEL 72.85%) valor $ 3,762,261,23 dedicación 20% (*) | D9: Mes | E9: 3 | F9: =3762261.23*0.2 -> 752452.25 | G9: =+E9*F9 -> 2257356.7 | I9: Res 050 5/5/2025 Item 9,01,16 ADMINISTRADOR (INCLUYE SALARIO BASE + FACTOR PRESTACIONAL DEL 72.85%) valor $ 3,762,261,23 dedicación 20%
B10: 1.4 | C10: Maestro de obra (Nómina) | D10: Mes | E10: 3.5 | F10: 2700000
B11: 1.4.1 | C11: Carga Prestacional Maestro de Obra | D11: Mes | E11: 3.5 | F11: 1755000
B12: SUBTOTAL | G12: =SUM(G8:G11) -> 12801387
B13: 2 | C13: SEGURIDAD INDUSTRIAL Y DOTACIÓN
B14: 2.1 | C14: Casco Industrial con certificación ansi con rache para obrero | D14: Unidad | E14: 7 | G14: =+E14*F14 -> 0
B15: 2.2 | C15: Bota en caucho punta de acero para obrero | D15: Unidad | E15: 7 | G15: =+E15*F15 -> 0
B16: 2.3 | C16: Gafa industrial unilente clara protectora | D16: Unidad | E16: 21 | G16: =+E16*F16 -> 0
B17: 2.4 | C17: Guante de Carnaza corto reforzado | D17: Unidad | E17: 21 | G17: =+E17*F17 -> 0
B18: 2.5 | C18: Guante baqueta corto reforzado | D18: Unidad | E18: =+E14*2 -> 14 | G18: =+E18*F18 -> 0
B19: 2.6 | C19: Peto Carnaza | D19: Unidad | E19: 1 | G19: =+E19*F19 -> 0
B20: 2.7 | C20: Careta para guadañar | D20: Unidad | E20: 0 | G20: =+E20*F20 -> 0
B21: 2.8 | C21: Tapaoidos de inserción siliconado | D21: Unidad | E21: 21 | G21: =+E21*F21 -> 0
B22: 2.9 | C22: Botiquín Tipo A | D22: Unidad | E22: 1 | G22: =+E22*F22 -> 0
B23: 2.10 | C23: Uniforme | D23: Unidad | E23: 7 | G23: =+E23*F23 -> 0
B24: SUBTOTAL | G24: =SUM(G14:G23) -> 0
B25: 2 | C25: MEDIDAS AMBIENTALES
B26: 2.1 | C26: Señalizacion provisional de la obra | D26: Global | E26: 1 | F26: 800000 | G26: =+E26*F26 -> 800000
B27: 3.2 | C27: Plástico negro Cal. 6 ancho 4m para cubrimiento de agregados | D27: ML | E27: 50 | G27: =+E27*F27 -> 0
B28: 3.3 | C28: Cinta de demarcación L=500 M | D28: UND | E28: 3 | G28: =+E28*F28 -> 0
B29: 3.4 | C29: Señalizador trafico h=1,30m con base de caucho | D29: UND | E29: 6 | G29: =+E29*F29 -> 0
B30: 3.5 | C30: Señalizacion en lamina galvanizada con vinillo adhesivo | D30: UND | E30: 4 | G30: =+E30*F30 -> 0
B31: 3.6 | C31: Paleta de señalización PARE-SIGA | D31: UND | E31: 2 | G31: =+E31*F31 -> 0
B32: 3.7 | C32: Maletin Vial | D32: UND | E32: 3 | G32: =+E32*F32 -> 0
B33: 3.8 | C33: Caneca Plástica 55 gal para residuos | D33: UND | E33: 3 | G33: =+E33*F33 -> 0
B34: SUBTOTAL | G34: =SUM(G26:G33) -> 800000
B35: 3 | C35: GASTOS BANCARIOS
B36: 3.1 | C36: Gravámenes financieros 4*1000 | D36: Global | E36: 1 | F36: =ROUND(J39*0.004,0) -> 382134 | G36: =+E36*F36 -> 382134
B37: 3.2 | C37: Chequeras (100 cheques) o token | D37: Global | E37: 2 | F37: 350000 | G37: =+E37*F37 -> 700000
B38: SUBTOTAL | G38: =SUM(G36:G37) -> 1082134
B39: 4 | C39: OTROS COSTOS | J39: 95533602
B40: 4.1 | C40: Descuentos por retefuente 2%. | D40: Global | E40: 1 | F40: =ROUND(J39*0.02,0) -> 1910672 | G40: =+E40*F40 -> 1910672 | J40: =+presupuesto!I28 -> 95385396
B41: 4.2 | C41: Estampillas procultura 1,5% | D41: Global | E41: 1 | F41: =ROUND(J39*0.015,0) -> 1433004 | G41: =+E41*F41 -> 1433004 | J41: =+J39-J40 -> 148206
B42: 4.3 | C42: Densidades y control de calidad de materiales | D42: Global | E42: 1 | F42: 1000000 | G42: =+E42*F42 -> 1000000
B43: 4.4 | C43: Póliza | D43: GBL | E43: 1 | F43: =ROUND(147750138.88*0.01,0) -> 1477501 | G43: =+E43*F43 -> 1477501 | J43: =+presupuesto!I28 -> 95385396
B44: 4.5 | C44: Bodega | D44: Mes | E44: 3 | F44: 200000 | G44: =+E44*F44 -> 600000 | J44: 175.5
B45: 5.3 | C45: Exámenes de ingreso personal nómina | D45: UNIDAD | E45: =+E15+4 -> 11 | F45: 127000
B46: 5.4 | C46: Gastos de Desplazamiento OAC | D46: Mes | E46: 3.5 | F46: 400000
B47: 5.5 | C47: Caja menor-Papelería | D47: Mes | E47: 3 | F47: 250000
B48: SUBTOTAL | G48: =SUM(G40:G47) -> 6421177
B50: TOTAL | G50: =+ROUND(G48+G38+G34+G24+G12,0) -> 21104698
B51: * Correspoende a precio de la resolución No. 50 del 5-5-2025 en ANEXO 1 - LISTADO DE ANÁLISIS DE PRECIOS UNITARIOS POR CAPÍTULO SECRETARÍA DE INFRAESTRUCTURA PÚBLICA GOBERNACIÓN DE BOYACÁ

Sheet CRONOGRAMA
K2: 1 | L2: 2 | M2: 3 | N2: 4 | O2: 5 | P2: 6 | Q2: 7 | R2: 8 | S2: 9 | T2: 10 | U2: 11 | V2: 12 | W2: 13 | X2: 14 | Y2: 15 | Z2: 16 | AA2: 17 | AB2: 18 | AC2: 19 | AD2: 20 | AE2: 21 | AF2: 22 | AG2: 23 | AH2: 24 | AI2: 25 | AJ2: 26 | AK2: 27 | AL2: 28 | AM2: 29 | AN2: 30 | AO2: 31 | AP2: 32 | AQ2: 33 | AR2: 34 | AS2: 35 | AT2: 36 | AU2: 37 | AV2: 38 | AW2: 39 | AX2: 40 | AY2: 41 | AZ2: 42 | BA2: 43 | BB2: 44 | BC2: 45 | BD2: 46 | BE2: 47 | BF2: 48 | BG2: 49 | BH2: 50 | BI2: 51 | BJ2: 52 | BK2: 53 | BL2: 54 | BM2: 55 | BN2: 56 | BO2: 57 | BP2: 58 | BQ2: 59 | BR2: 60 | BS2: 61 | BT2: 62 | BU2: 63 | BV2: 64 | BW2: 65 | BX2: 66 | BY2: 67 | BZ2: 68 | CA2: 69 | CB2: 70 | CC2: 71 | CD2: 72 | CE2: 73 | CF2: 74 | CG2: 75 | CH2: 76 | CI2: 77 | CJ2: 78 | CK2: 79 | CL2: 80 | CM2: 81 | CN2: 82 | CO2: 83 | CP2: 84 | CQ2: 85 | CR2: 86 | CS2: 87 | CT2: 88 | CU2: 89 | CV2: 90
A3: CONSTRUCCIÓN VIA ADOQUINADA | D3: Und | E3: Ren | F3: Días | H3: Cantidad
A4: 1 | B4: =+presupuesto!B14 -> CONFORMACIÓN COMPACTACIÓN SUBRASANTE CBR=95% | D4: =+'apu presupuesto'!D23:H23 -> hh | E4: =+'apu presupuesto'!K24 -> 0,16 | F4: =+E4/8 -> 0.02 | G4: =+presupuesto!D14 -> M2 | H4: =+presupuesto!E14 -> 878 | I4: =+ROUND(H4*F4,0) -> 18 | J4: 9
B5: =+presupuesto!B15 -> PEDRAPLEN COMPACTO | D5: =+'apu presupuesto'!D50:H50 -> jr | E5: =+'apu presupuesto'!K50 -> 0,05 | F5: =+E5 -> 0,05 | G5: =+presupuesto!D15 -> M3 | H5: =+presupuesto!E15 -> 10 | I5: =+ROUND(H5*F5,0) -> 1 | J5: 2
A6: 2 | B6: =+presupuesto!B16 -> EXCAVACION MANUAL EN MATERIAL COMUN | D6: =+'apu presupuesto'!D76:H76 -> jr | E6: =+'apu presupuesto'!K77 -> 2,3 | F6: =+'apu presupuesto'!K76 -> 2,3 | G6: =+presupuesto!D16 -> M3 | H6: =+presupuesto!E16 -> 11 | I6: =+ROUND(H6*F6,0) -> 25 | J6: 3
A7: 3 | B7: =+presupuesto!B17 -> SUMINISTRO E INSTALACION DE BORDILLO PREFABRICADO A-80 | D7: =+'apu presupuesto'!D106:H106 -> hh | E7: =+'apu presupuesto'!K107 -> 0.6 | F7: =+E7/8 -> 0.075 | G7: =+presupuesto!D17 -> ML | H7: =+presupuesto!E17 -> 176 | I7: =+ROUND(H7*F7,0) -> 13 | J7: 11
A8: 4 | B8: =+presupuesto!B18 -> SUMINISTRO, EXTENDIDA Y COMPACTACION DE MATERIAL SELECCIONADO PARA BASE GRANULAR (INCLUYE ACARREO LIBRE DE 5KM) | D8: =+'apu presupuesto'!D135:H135 -> hr | E8: =+'apu presupuesto'!K135 -> 0,4 | F8: =+E8 -> 0,4 | G8: =+presupuesto!D18 -> M3 | H8: =+presupuesto!E18 -> 219 | I8: =+ROUND(H8*F8,0) -> 88 | J8: 6
A9: 5 | B9: =+presupuesto!B19 -> PAVIMENTO EN ADOQUIN TOLETE COMUN INSTALADO EN PANDERETA. | D9: =+'apu presupuesto'!D169:H169 -> jr | E9: =+'apu presupuesto'!K169 -> 0,2 | F9: =+E9 -> 0,2 | G9: =+presupuesto!D19 -> M2 | H9: =+presupuesto!E19 -> 878 | I9: =+ROUND(H9*F9,0) -> 176 | J9: 45

Sheet apu presupuesto
F1: Capitulo | I1: PRELIMINARES
F2: SubCap. | I2: PRELIMINARES
F3: Actividad | I3: CONFORMACIÓN COMPACTACIÓN SUBRASANTE CBR=95%
F4: U.M. | I4: M2
A6: 1 | B6: Material
O7: DISTRIBUCIÓN DE INVERSIONES EN EL CONVENIO | T7: Convenio
A8: Descripción | D8: U.M. | I8: Vr. Unitario | K8: Cantidad | M8: Vr. Parcial | N8: =+#REF! -> #REF! | O8: AOC | P8: MAQUINARIA | Q8: A/ECONÓMICO | R8: TOTAL | T8: Retro
A9: AGUA | D9: lt | I9: 3,65 | K9: 0,35 | M9: =+ROUND(I9*K9,0) -> 1 | N9: =+#REF! -> #REF! | Q9: =+M9 -> 1 | R9: =+O9+P9+Q9 -> 1 | T9: Vibro
J10: Total | K10: Material | M10: =SUM(M9) -> 1 | N10: =+#REF! -> #REF! | R10: =+O10+P10+Q10 -> 0 | T10: Transporte del ladrillo
A12: 2 | B12: Equipo | R12: =+O12+P12+Q12 -> 0
R13: =+O13+P13+Q13 -> 0
A14: Descripción | D14: U.M. | I14: Vr. Unitario | K14: Cantidad | M14: Vr. Parcial | N14: =+#REF! -> #REF! | R14: =+O14+P14+Q14 -> 0 | T14: Municipio
A15: RETROEXCAVADORA | D15: hr | I15: =+listados!D25 -> 130900 | K15: 0,015 | M15: =+ROUND(I15*K15,0) -> 1964 | N15: =+#REF! -> #REF! | P15: =+M15 -> 1964 | R15: =+O15+P15+Q15 -> 1964 | T15: Motoniveladora
M16: =+ROUND(I16*K16,0) -> 0 | N16: =+#REF! -> #REF! | P16: =+M16 -> 0 | R16: =+O16+P16+Q16 -> 0 | T16: Minicargador
A17: VIBROCOMPACTADOR CA-15 O SIMILAR | D17: hr | I17: =+listados!D26 -> 124950 | K17: 0,01 | M17: =+ROUND(I17*K17,0) -> 1250 | N17: =+#REF! -> #REF! | Q17: =+M17 -> 1250 | R17: =+O17+P17+Q17 -> 1250 | T17: Carro tanque
J18: Total | K18: Equipo | M18: =SUM(M15:M17) -> 3214 | N18: =+#REF! -> #REF! | R18: =+O18+P18+Q18 -> 0 | T18: Volquetas dobles
A20: 3 | B20: Mano de obra | R20: =+O20+P20+Q20 -> 0
R21: =+O21+P21+Q21 -> 0
A22: Descripción | D22: U.M. | I22: Vr. Unitario | K22: Cantidad | M22: Vr. Parcial | N22: =+#REF! -> #REF! | R22: =+O22+P22+Q22 -> 0
A23: AUXILIAR DE OBRA (B) | D23: hh | I23: =+listados!L20 -> 11689.878 | K23: 0,16 | M23: =+ROUND(I23*K23,0) -> 1870 | N23: =+#REF! -> #REF! | Q23: =+M23 -> 1870 | R23: =+O23+P23+Q23 -> 1870
A24: OFICIAL OBRA (A) | D24: hh | I24: =+listados!L21 -> 17534.815 | K24: 0,16 | M24: =+ROUND(I24*K24,0) -> 2806 | N24: =+#REF! -> #REF! | Q24: =+M24 -> 2806 | R24: =+O24+P24+Q24 -> 2806 | T24: =11689+17534 -> 29223
J25: Total Mano de obra | M25: =SUM(M23:M24) -> 4676 | N25: =+#REF! -> #REF! | R25: =+O25+P25+Q25 -> 0 | T25: =+T24*0.16 -> 4675.68
J27: Costo Total Actividad | M27: =+ROUND((M25+M18+M10),0) -> 7891 | N27: =+#REF! -> #REF! | O27: =ROUND(SUM(O9:O25),0) -> 0 | P27: =ROUND(SUM(P9:P25),4) -> 1964 | Q27: =ROUND(SUM(Q9:Q25),4) -> 5927 | R27: =ROUND(SUM(R9:R25),0) -> 7891 | S27: =+O27+P27+Q27+R27 -> 15782
E29: Capitulo | H29: EXPLANACIONES
E30: SubCap. | H30: EXPLANACIONES
E31: Actividad | H31: CONFORMACIÓN DE PEDRAPLEN COMPACTO
E32: U.M. | H32: M3
A34: 1 | B34: Material
O35: DISTRIBUCIÓN DE INVERSIONES EN EL CONVENIO
A36: Descripción | D36: U.M. | I36: Vr. Unitario | K36: Cantidad | M36: Vr. Parcial | O36: AOC | P36: MAQUINARIA | Q36: A/ECONÓMICO | R36: TOTAL
A37: PIEDRA RAJON | D37: M3 | I37: =+listados!D3 -> 78937 | K37: 1,3 | M37: =+ROUND(I37*K37,0) -> 102618 | Q37: =+M37 -> 102618 | R37: =+O37+P37+Q37 -> 102618
J38: Total | K38: Material | M38: =+M37 -> 102618 | R38: =+O38+P38+Q38 -> 0
A40: 2 | B40: Equipo | R40: =+O40+P40+Q40 -> 0
R41: =+O41+P41+Q41 -> 0
A42: Descripción | D42: U.M. | I42: Vr. Unitario | K42: Cantidad | M42: Vr. Parcial | R42: =+O42+P42+Q42 -> 0
A43: RETROEXCAVADORA JD-510 O SIMILAR | D43: hr | I43: =+listados!D25 -> 130900 | K43: 0,09 | M43: =+ROUND(I43*K43,0) -> 11781 | Q43: =+M43 -> 11781 | R43: =+O43+P43+Q43 -> 11781
A44: VIBROCOMPACTADOR CA-15 O SIMILAR | D44: hr | I44: =+listados!D26 -> 124950 | K44: 0,03 | M44: =+ROUND(I44*K44,0) -> 3749 | Q44: =+M44 -> 3749 | R44: =+O44+P44+Q44 -> 3749
J45: Total | K45: Equipo | M45: =SUM(M43:M44) -> 15530 | R45: =+O45+P45+Q45 -> 0
A47: 3 | B47: Mano de obra | R47: =+O47+P47+Q47 -> 0
R48: =+O48+P48+Q48 -> 0
A49: Descripción | D49: U.M. | I49: Vr. Unitario | K49: Cantidad | M49: Vr. Parcial | R49: =+O49+P49+Q49 -> 0
A50: AUXILIAR DE OBRA (A) | D50: jr | I50: =+listados!L20 -> 11689.878 | K50: 0,05 | M50: =+ROUND(I50*K50,0) -> 584 | Q50: =+M50 -> 584 | R50: =+O50+P50+Q50 -> 584
A51: OFICIAL OBRA (A) | D51: jr | I51: =+listados!L21 -> 17534.815 | K51: 0,05 | M51: =+ROUND(I51*K51,0) -> 877 | Q51: =+M51 -> 877 | R51: =+O51+P51+Q51 -> 877
J52: Total | K52: Mano de obra | M52: =SUM(M50:M51) -> 1461 | R52: =+O52+P52+Q52 -> 0
R53: =+O53+P53+Q53 -> 0
A54: 4 | B54: Transporte | R54: =+O54+P54+Q54 -> 0
R55: =+O55+P55+Q55 -> 0
A56: Descripción | D56: U.M. | I56: Vr. Unitario | K56: Cantidad | M56: Vr. Parcial | R56: =+O56+P56+Q56 -> 0
A57: volqueta | D57: M3-km | I57: 10464 | K57: 1,3 | M57: =+ROUND(I57*K57,0) -> 13603 | Q57: =+M57 -> 13603 | R57: =+O57+P57+Q57 -> 13603
J58: Total | K58: Transporte | M58: =SUM(M57) -> 13603 | R58: =+O58+P58+Q58 -> 0
R59: =+O59+P59+Q59 -> 0
G60: Costo Total Actividad | M60: =+ROUND((M52+M45+M38+M58),0) -> 133212 | O60: =ROUND(SUM(O36:O52),0) -> 0 | P60: =ROUND(SUM(P36:P52),0) -> 0 | Q60: =ROUND(SUM(Q37:Q58),4) -> 133212 | R60: =ROUND(SUM(R37:R59),0) -> 133212 | S60: =+O60+P60+Q60+R60 -> 266424
E62: Capitulo | H62: OBRAS DE DRENAJE, PROTECCION Y ESTRUCTURAS
E63: SubCap. | H63: OBRAS DE DRENAJE, PROTECCION Y ESTRUCTURAS
E64: Actividad | H64: EXCAVACION MANUAL EN MATERIAL COMUN
E65: U.M. | H65: M3
A67: 2 | B67: Equipo
O68: DISTRIBUCIÓN DE INVERSIONES EN EL CONVENIO
A69: Descripción | D69: U.M. | I69: Vr. Unitario | K69: Cantidad | M69: Vr. Parcial | N69: Vr. Parcial | O69: AOC | P69: MAQUINARIA | Q69: A/ECONÓMICO | R69: TOTAL
A70: Herrramienta y Equipo Menor(% M.O) | D70: % | I70: =+M78 -> 67217 | K70: 5% | M70: =+ROUND(I70*K70,0) -> 3361 | N70: =+#REF! -> #REF! | Q70: =+M70 -> 3361 | R70: =+O70+P70+Q70 -> 3361
J71: Total | K71: Equipo | M71: =+M70 -> 3361 | N71: =+#REF! -> #REF! | R71: =+O71+P71+Q71 -> 0
A73: 3 | B73: Mano de obra | N73: =+#REF! -> #REF! | R73: =+O73+P73+Q73 -> 0
N74: =+#REF! -> #REF! | R74: =+O74+P74+Q74 -> 0
A75: Descripción | D75: U.M. | I75: Vr. Unitario | K75: Cantidad | M75: Vr. Parcial | N75: =+#REF! -> #REF! | R75: =+O75+P75+Q75 -> 0
A76: AUXILIAR DE OBRA (A) | D76: jr | I76: =+listados!L20 -> 11689.878 | K76: 2,3 | M76: =+ROUND(I76*K76,0) -> 26887 | N76: =+#REF! -> #REF! | Q76: =+M76 -> 26887 | R76: =+O76+P76+Q76 -> 26887
A77: OFICIAL OBRA (A) | D77: jr | I77: =+listados!L21 -> 17534.815 | K77: 2,3 | M77: =+ROUND(I77*K77,0) -> 40330 | N77: =+#REF! -> #REF! | Q77: =+M77 -> 40330 | R77: =+O77+P77+Q77 -> 40330
J78: Total | K78: Mano de obra | M78: =SUM(M76:M77) -> 67217 | N78: =+#REF! -> #REF! | R78: =+O78+P78+Q78 -> 0
G80: Costo Total Actividad | M80: =+ROUND((M78+M71+M63),0) -> 70578 | N80: 64546,55 | O80: =ROUND(SUM(O62:O78),0) -> 0 | P80: =ROUND(SUM(P62:P78),0) -> 0 | Q80: =ROUND(SUM(Q70:Q78),4) -> 70578 | R80: =ROUND(SUM(R70:R78),0) -> 70578 | S80: =+O80+P80+Q80+R80 -> 141156
E83: Capitulo | H83: SARDINELES Y ANDENES
E84: SubCap. | H84: SARDINELES Y ANDENES
E85: Actividad | H85: SUMINISTRO E INSTALACION DE BORDILLO PREFABRICADO A-80
E86: U.M. | H86: ML
A88: 1 | B88: Material
O89: DISTRIBUCIÓN DE INVERSIONES EN EL CONVENIO
A90: Descripción | D90: U.M. | I90: Vr. Unitario | K90: Cantidad | M90: Vr. Parcial | N90: =+M90 -> Vr. Parcial | O90: AOC | P90: MAQUINARIA | Q90: A/ECONÓMICO | R90: TOTAL
A91: ARENA DE PEÑA | D91: M3 | I91: =+listados!D8 -> 62523 | K91: 0.06 | M91: =+ROUND(I91*K91,0) -> 3751 | N91: =+#REF! -> #REF! | Q91: =+M91 -> 3751 | R91: =+O91+P91+Q91 -> 3751
A92: BORDILLO PREFABRICADO A-80 | D92: UND | I92: =+listados!D6 -> 30940 | K92: 1 | M92: =+ROUND(I92*K92,0) -> 30940 | N92: =+#REF! -> #REF! | Q92: =+M92 -> 30940 | R92: =+O92+P92+Q92 -> 30940
A93: CEMENTO GRIS | D93: kg | I93: =+listados!D7/50 -> 570 | K93: 6.5 | M93: =+ROUND(I93*K93,0) -> 3705 | N93: =+#REF! -> #REF! | Q93: =+M93 -> 3705 | R93: =+O93+P93+Q93 -> 3705
A94: AGUA | D94: lt | I94: =+I9 -> 3,65 | K94: 2 | M94: =+ROUND(I94*K94,0) -> 7 | N94: =+#REF! -> #REF! | Q94: =+M94 -> 7 | R94: =+O94+P94+Q94 -> 7
J95: Total | K95: Material | M95: =SUM(M91:M94) -> 38403 | N95: =+#REF! -> #REF! | R95: =+O95+P95+Q95 -> 0
R96: =+O96+P96+Q96 -> 0
A97: 2 | B97: Equipo | R97: =+O97+P97+Q97 -> 0
R98: =+O98+P98+Q98 -> 0
A99: Descripción | D99: U.M. | I99: Vr. Unitario | K99: Cantidad | M99: Vr. Parcial | R99: =+O99+P99+Q99 -> 0
A100: Herrramienta y Equipo Menor(% M.O) | D100: % | I100: =+M108 -> 17535 | K100: 5% | M100: =+ROUND(I100*K100,0) -> 877 | Q100: =+M100 -> 877 | R100: =+O100+P100+Q100 -> 877
J101: Total | K101: Equipo | M101: =+M100 -> 877 | R101: =+O101+P101+Q101 -> 0
R102: =+O102+P102+Q102 -> 0
A103: 3 | B103: Mano de obra | R103: =+O103+P103+Q103 -> 0
R104: =+O104+P104+Q104 -> 0
A105: Descripción | D105: U.M. | I105: Vr. Unitario | K105: Cantidad | M105: Vr. Parcial | N105: =+#REF! -> #REF! | R105: =+O105+P105+Q105 -> 0
A106: AUXILIAR DE OBRA (B) | D106: hh | I106: =+listados!L20 -> 11689.878 | K106: 0.6 | M106: =+ROUND(I106*K106,0) -> 7014 | N106: =+#REF! -> #REF! | Q106: =+M106 -> 7014 | R106: =+O106+P106+Q106 -> 7014
A107: OFICIAL OBRA (A) | D107: hh | I107: =+listados!L21 -> 17534.815 | K107: 0.6 | M107: =+ROUND(I107*K107,0) -> 10521 | N107: =+#REF! -> #REF! | Q107: =+M107 -> 10521 | R107: =+O107+P107+Q107 -> 10521
J108: Total | K108: Mano de obra | M108: =SUM(M106:M107) -> 17535 | N108: =+#REF! -> #REF! | R108: =+O108+P108+Q108 -> 0
I110: Costo Total Actividad | M110: =+ROUND((M108+M95+M101),0) -> 56815 | N110: =+#REF! -> #REF! | O110: =ROUND(SUM(O91:O108),0) -> 0 | P110: =ROUND(SUM(P91:P108),0) -> 0 | Q110: =ROUND(SUM(Q91:Q108),4) -> 56815 | R110: =ROUND(SUM(R91:R108),0) -> 56815 | S110: =+O110+P110+Q110+R110 -> 113630
E113: Capitulo | H113: AFIRMADO, SUBBASES Y BASES
E114: SubCap. | H114: AFIRMADO, SUBBASES Y BASES
E115: Actividad | H115: SUMINISTRO, EXTENDIDA Y COMPACTACION DE MATERIAL SELECCIONADO PARA BASE GRANULAR (INCLUYE ACARREO LIBRE DE 5KM)
E116: U.M. | H116: M3
A118: 1 | B118: Material
O119: DISTRIBUCIÓN DE INVERSIONES EN EL CONVENIO
...

Sheet listados
B1: MATERIALES | E1: ANÁLISIS DE PRECIOS UNITARIOS DE REFERENCIA REGIONALIZADOS 2024-1
B2: DESCRIPCIÓN | C2: UNIDAD | D2: VR UNITARIO | E2: # | F2: Código | G2: unidad | H2: Insumo | I2: Precio ($ COP)
B3: Piedra Rajón | C3: m3 | D3: 78937 | E3: 284 | F3: B0014700 | G3: m3 | H3: Piedra para concreto ciclópeo (rajón o canto rodado) | I3: 52402.098
B4: Base granular | C4: m3 | D4: 72987 | E4: 217 | F4: B0014304 | G4: m3 | H4: Material de base clase A (NT3) gradación gruesa BG 40 | I4: 66262.887
B5: Sub base granular | C5: m3 | E5: 416 | F5: B0033034 | G5: m3 | H5: Subbase granular con agregado siderúrgico - clase B, gradación SBG-50 | I5: 52515.362
B6: Sardinel Prefabricado A-80 | C6: und | D6: 30940 | E6: 72 | F6: B0013438 | G6: u | H6: Bordillo prefabricado en concreto Ref.A80 NTC-4109, 0,20 x 0,35 x 0.80 m | I6: 31225.283
B7: Cemento en saco de uso general x 50 kg puesto en obra (zona urbana) | C7: blt | D7: 28500 | E7: 103 | F7: B0103564 | G7: kg | H7: Cemento portland ASTM C150 tipo I | I7: 645.7323 | K7: =+I7*50 -> 32286.615
B8: Arena de peña | C8: m3 | D8: 62523 | E8: 56 | F8: B0093320 | G8: m3 | H8: Arena fina de rio para sello de juntas | I8: 60769.781
B9: Ladrillo Tolete Común (incluye transporte zona urbana) | C9: und | D9: 507 | E9: 16 | F9: B0043080 | G9: m2 | H9: Adoquín rectangular biselado de 10cm x 20cm e=8cm | I9: 70464.729 | K9: =+I9/54 -> 1304.9024
F10: Gobernación | G10: UND | H10: LADRILLO TOLETE RECOCIDO | I10: 700
D12: =+D7/50 -> 570
B14: MANO DE OBRA | I14: Gobernación de Boyacá 2023
B15: DESCRIPCIÓN | C15: UNIDAD | D15: VR UNITARIO | E15: rendimiento gobernación | F15: INVIAS pero acostado el adoquin | G15: precio gobernación 2023 | I15: Auxiliar de obra | J15: Jr | K15: 95545
B16: Mano de obra instalación de adoquín vertical | C16: m2 | D16: 26500 | E16: 29961.692 | F16: 10007 | G16: 25959 | I16: Oficial de obra | J16: Jr | K16: 164047
B17: Instalación de sardinel prefabricado A - 80 | C17: m | D17: 21000 | F17: =+#REF! -> #REF! | G17: 15576
B18: Mano de obra, preliminares, excavaciones manuales, rellenos | C18: ayudante/mes | D18: 1623500 | I18: Resolución No. 050 de 5 de mayo de 2025
I19: ANEXO 4 - LISTADO DE SALARIOS, PERSONAL Y CUADRILLAS SECRETARÍA DE INFRAESTRUCTURA PÚBLICA GOBERNACIÓN DE BOYACÁ
I20: Auxiliar de obra | J20: Jr | K20: 93519.02 | L20: =+K20/8 -> 11689.878 | N20: 11689.88
I21: Oficial de obra | J21: jr | K21: 140278.52 | L21: =+K21/8 -> 17534.815 | N21: 17534.81
B22: HERREMIENTAS Y EQUIPOS
B23: DESCRIPCIÓN | C23: UNIDAD | D23: VR UNITARIO | E23: # | F23: Código | G23: unidad | H23: Insumo | I23: Precio ($ COP) | K23: gobernación
B24: Motoniveladora Potencia mínima 120 HP y Max 215 HP | C24: hr | D24: 175525 | E24: 91 | F24: C0010611 | G24: h | H24: Motoniveladora, potencia 140 HP, ancho de cuchilla 3,66 m, peso 11 ton | I24: 372085.84 | K24: 170683
B25: Retroexcavadora Pajarita | C25: hr | D25: 130900 | E25: 112 | F25: C0010822 | G25: h | H25: Retroexcavadora sobre llantas, motor 62HP, Profundidad de excavación de 5.41 metros | I25: 257359.38 | K25: 95000
B26: Vibrocompactador CA-15 o Similar | C26: hr | D26: 124950 | E26: 128 | F26: C0010923 | G26: h | H26: Vibrocompactador, potencia 153 HP, peso 10 ton | I26: 260460.09 | K26: 100000
B27: Carrotanque Agua | C27: día | D27: 475000 | E27: 25 | F27: C0010150 | G27: h | H27: Carrotanque de agua(1000 Galones) | I27: 182942.21 | K27: 81667
B28: Vibrocompactador tipo rana | C28: hr | K28: 8333.33
B30: TRANSPORTE
B31: DESCRIPCIÓN | C31: UNIDAD | D31: VR UNITARIO | E31: # | F31: Código | G31: unidad | H31: Insumo | I31: Precio ($ COP)
B32: Retiro de escombros | C32: vj | D32: 175000 | E32: 18 | F32: T0010032 | G32: m3-km | H32: Transporte de material de demolición | I32: 1157.9769
B33: Piedra Rajón | C33: vj | D33: 175000 | H33: 13 | I33: m3
B34: Base granular | C34: vj | D34: 175000 | H34: 10 | I34: km
B35: Sardineles Prefabricados A-80 | C35: vj | D35: 175000 | I35: =+I32*H33*H34 -> 150537
B36: Arena de peña | C36: vj | D36: 175000
E38: canteras o distancias de transporte

Sheet APU GOBER 050 RES
K16: Resolución Gobernación 050 de 5/5/2025
K17: Referencia | L17: Unidad | M17: Material | N17: Valor
K18: 2,01,06 | L18: Lt | M18: Agua | N18: 3.65
K19: 3,02,10 | L19: M3-Km | M19: Transporte m3/Km | N19: 10464
K20: 3,07,02 | L20: H | M20: VIBROCOMPACTADOR RANA (AA) | N20: 12500
K35: =11689.88+17534.82 -> 29224.7
